 Dungeon Crawl Stone Soup version 0.28-a0-556-gab23d0e057 (webtiles) character file.

Game seed: 17732630301454486680

48 shoop the Magician (level 3, -8/16 HPs)
             Began as a Vine Stalker Hedge Wizard on Sept 28, 2021.
             Killed from afar by Robin (10 damage)
             ... with a puff of flame
             ... on level 2 of the Dungeon.
             The game lasted 00:04:33 (2732 turns).

shoop the Magician (Vine Stalker Hedge Wizard)      Turns: 2732, Time: 00:04:34

Health: -8/16      AC:  3    Str:  9 (12) XL:     3   Next: 72%
Magic:  0/8        EV: 11    Int: 12 (15) God:
Gold:   107        SH:  0    Dex: 11 (13) Spells: 4/8 levels left

rFire   . . .      SeeInvis .   f - +1 dagger (speed)
rCold   . . .      Faith    .   (no shield)
rNeg    . . .      Spirit   +   e - +0 leather armour
rPois   .          Reflect  .   c - +0 hat
rElec   .          Harm     .   (no cloak)
rCorr   .          Rampage  .   (no gloves)
Will    .....                   (no boots)
Stlth   ++........              (no amulet)
HPRegen 0.05/turn               (no ring)
MPRegen 0.11/turn               (no ring)

@: attractive
A: fangs 2, magic shield, antimagic bite, no potion heal 2
a: no special abilities


You were on level 2 of the Dungeon.
You visited 1 branch of the dungeon, and saw 2 of its levels.

You collected 107 gold pieces.

Inventory:

Hand Weapons
 a - a +0 dagger
 f - a +1 dagger of speed (weapon)
Missiles
 g - 21 stones
Armour
 b - a +0 robe
 c - a +0 hat (worn)
 e - a +0 leather armour (worn)
Scrolls
 h - a scroll of enchant armour {unknown}
 j - a scroll of brand weapon {unknown}


   Skills:
 + Level 2.6 Short Blades
 - Level 1.5 Dodging
 - Level 2.4 Stealth
 - Level 3.2 Spellcasting
 - Level 1.0 Conjurations
 - Level 1.0 Summonings
 + Level 1.6 Translocations


You had 4 spell levels left.
You knew the following spells:

 Your Spells              Type           Power      Damage    Failure   Level
a - Magic Dart            Conj           16%        1d3       22%         1
b - Blink                 Tloc           N/A        N/A       26%         2
c - Sandblast             Erth           2%         2d4       34%         1

Your spell library contained the following spells:

 Spells                   Type           Power      Damage    Failure   Level
 Call Imp                 Summ           4%         N/A       34%         2
 Slow                     Hex            1%         N/A       45%         2
 Conjure Flame            Conj/Fire      3%         6-21      63%         3
 Mephitic Cloud           Conj/Pois/Air  2%         N/A       65%         3


Dungeon Overview and Level Annotations

Branches:
Dungeon (2/15)

Altars:

Annotations:
D:2 Natasha, Robin, Terence


Innate Abilities, Weirdness & Mutations

You have extremely sharp teeth.
When hurt, damage is shared between your health and your magic reserves.
Your bite disrupts and absorbs the magic of your enemies.
Potions cannot restore your health.


Message History

Confirm with . or Enter, or press ? or * to list all spells.
Aiming: Magic Dart (safe; 17% risk of failure)
Press: ? - help, Shift-Dir - straight line, f/p - Robin
Aim: Robin, wielding a +0 falchion, wearing a +0 animal skin, wearing a +1 helmet and carrying a wand of flame (17) (moderately wounded, 100% to hit)
The magic dart hits Robin but does no damage.
Robin is moderately wounded.
You hit Robin but do no damage.
Robin is moderately wounded.
You hit Robin.
Robin is heavily wounded.
Robin hits you with a +0 falchion.
You hit Robin. You bite Robin, but do no damage.
Robin is heavily wounded.
Robin zaps a wand.
The puff of flame hits you!
Ouch! That really hurt!
You closely miss Robin. You bite Robin, but do no damage.
Robin is heavily wounded.
Your magical contamination has completely faded away.
Robin drinks a potion.
Robin is healed!
Things that are here:
a +0 dagger; a goblin corpse
Casting: Magic Dart (safe; 17% risk of failure)
Confirm with . or Enter, or press ? or * to list all spells.
Aiming: Magic Dart (safe; 17% risk of failure)
Press: ? - help, Shift-Dir - straight line, f/p - Robin
Aim: Robin, wielding a +0 falchion, wearing a +0 animal skin, wearing a +1 helmet and carrying a wand of flame (16) (100% to hit)
The magic dart hits Robin but does no damage.
Robin zaps a wand.
The puff of flame misses you.
You aren't carrying any items that you can evoke.
Unknown command.
It was a potion of attraction.
You feel attractive to monsters.
It was a potion of degeneration.
There was something very wrong with that liquid.
You feel weakened.
You feel dopey.
You feel clumsy. Robin hits you with a +0 falchion.
* * * LOW HITPOINT WARNING * * *
Robin zaps a wand.
The puff of flame hits you!
Ouch! That really hurt!
You die...

#.##.#†#)#
#.##.......
#.##.#.#.#
#.##.######
#.##.#.#.#
#.##.# #.#
#.##.#.#.#
#.##.# #.#
#†##.#.#.#
#.##.# #.#
#.##.#.#.#
#.##.# #..
#.##.#.#g#
#.#..# ###
#)##.#.#.#
#.#.##
#.##.#.#@#
#.#.#
#.##.....#
#.#.#
#.##.#####
#.#.#
#..#.#
#.#.#
##...#
#...# #####
#####


You could see Robin.

Vanquished Creatures
  An adder (D:2)
  4 endoplasms
  10 goblins
  6 hobgoblins
  3 ball pythons (D:1)
  6 bats
  4 frilled lizards (D:1)
  A kobold (D:1)
  3 rats (D:1)
38 creatures vanquished.

Vanquished Creatures (others)
  A plant (D:1)
1 creature vanquished.

Grand Total: 39 creatures vanquished

Notes
Turn   | Place    | Note
-------+----------+-------------------------------------------
     0 | D:1      | shoop the Vine Stalker Hedge Wizard began the quest for the
                  | Orb.
     0 | D:1      | Reached XP level 1. HP: 9/9 MP: 5/5
   285 | D:1      | Found a faded altar of an unknown god.
   295 | D:1      | Got Plato's Handbook of the Mountains
   387 | D:1      | Reached skill level 1 in Short Blades
   401 | D:1      | Reached XP level 2. HP: 11/13 MP: 1/7
  1493 | D:1      | Learned a level 2 spell: Blink
  1495 | D:1      | Learned a level 1 spell: Sandblast
  1644 | D:2      | Reached XP level 3. HP: 16/16 MP: 2/8
  2203 | D:2      | Noticed Natasha
  2251 | D:2      | Noticed Terence
  2621 | D:2      | Noticed Robin
  2732 | D:2      | Killed from afar by Robin

Illustrated notes

Levels and vault maps discovered:
D:1:      onia_arrival_mini_maze_b, layout_loops_ring,
          shapermc_ecumenical_altar_rom_forum
D:2:      layout_basic, serial_co_window_serial, co_window_paths_b,
          co_window_paths_a, co_window_of_opportunity_a, co_window_paths_a,
          co_window_paths_a, co_window_paths_a, co_window_paths_c,
          co_window_corner_ca, co_window_paths_c, kennysheep_generic_room_4,
          uniq_crazy_yiuf_cottage, uniq_terence, uniq_robin, uniq_natasha

Skill      XL: |  1  2 |
---------------+-------+-----
Short Blades   | 1 2 |  2.6
Dodging        | |  1.5
Stealth        | |  2.4
Spellcasting   | |  3.2
Conjurations   | |  1.0
Summonings     | |  1.0
Translocations | |  1.6

Action                   || total
-------------------------++-------
Melee: Dagger            ||    65
       Bite              ||    11
 Cast: Magic Dart        ||    62
       Blink             ||     3
       Sandblast         ||     2
  Use: Potion            ||     2
Armor: Leather armour    ||    15
Dodge: Dodged            ||    31

Table legend: (Time is in decaauts)
 A = Elapsed time spent in this place.
 B = Non-inter-level travel time spent in this place.
 C = Inter-level travel time spent in this place.
 D = Time resting spent in this place.
 E = Time spent auto-exploring this place.
 F = Levels seen in this place.
 G = Mean time per level.
                   A        B        C        D        E       F      G
               +--------+--------+--------+--------+--------+-----+--------+
         Total |   2714 |   2602 |    112 |    166 |   2027 |   2 | 1357.0 |
       Dungeon |   2714 |   2602 |    112 |    166 |   2027 |   2 | 1357.0 |
               +--------+--------+--------+--------+--------+-----+--------+

Top non-repeatable levels by time:
     D:1: 1760 daAuts
     D:2: 954 daAuts
